 Dungeon Crawl Stone Soup version 0.28.0-53-g5a82cb258f (webtiles) character file.

Game seed: 4293374619982937959

27 Groucho the Poker (level 3, -5/28 HPs)
             Began as a Gnoll Wanderer on June 7, 2022.
             Slain by an orc priest
             ... wielding a +0 falchion
              (7 damage)
             ... on level 2 of the Dungeon.
             The game lasted 00:01:41 (1584 turns).

Groucho the Poker (Gnoll Wanderer)                  Turns: 1584, Time: 00:01:41

Health: -5/28      AC:  3    Str: 14    XL:     3   Next: 10%
Magic:  3/3        EV: 13    Int:  9    God:
Gold:   17         SH:  0    Dex: 12    Spells: 3/3 levels left

rFire   . . .      SeeInvis .   a - +0 dagger
rCold   . . .      Faith    .   (no shield)
rNeg    . . .      Spirit   .   f - +0 leather armour
rPois   .          Reflect  .   (no helmet)
rElec   .          Harm     .   (no cloak)
rCorr   .          Rampage  .   (no gloves)
Will    .....                   (no boots)
Stlth   +++.......              (no amulet)
HPRegen 0.09/turn               (no ring)
MPRegen 0.08/turn               (no ring)

@: no status effects
A: fangs 1, strong nose, distributed training
a: no special abilities


You were on level 2 of the Dungeon.
You visited 1 branch of the dungeon, and saw 2 of its levels.

You collected 17 gold pieces.

Inventory:

Hand Weapons
 a - a +0 dagger (weapon)
 d - a +0 spear
Missiles
 b - an atropa-tipped dart (quivered)
 c - a datura-tipped dart
Armour
 f - a +0 leather armour (worn)
Wands
 e - a wand of flame (6)
Scrolls
 g - a scroll of fear {unknown}
 h - 2 scrolls of identify {unknown}
 j - a scroll of immolation {unknown}


   Skills:
 + Level 2.5 Fighting
 + Level 0.6 Short Blades
 + Level 0.6 Long Blades
 + Level 0.6 Axes
 + Level 0.6 Maces & Flails
 + Level 6.5 Polearms
 + Level 0.6 Staves
 + Level 0.6 Slings
 + Level 0.6 Bows
 + Level 0.6 Crossbows
 + Level 0.6 Throwing
 + Level 0.6 Armour
 + Level 4.5 Dodging
 + Level 5.9 Stealth
 + Level 0.6 Shields
 + Level 0.6 Unarmed Combat
 + Level 0.6 Spellcasting
 + Level 0.4 Conjurations
 + Level 0.4 Hexes
 + Level 0.4 Summonings
 + Level 0.4 Necromancy
 + Level 0.4 Translocations
 + Level 0.4 Transmutations
 + Level 0.4 Fire Magic
 + Level 0.4 Ice Magic
 + Level 0.4 Air Magic
 + Level 0.4 Earth Magic
 + Level 0.4 Poison Magic
 + Level 0.8 Invocations
 + Level 2.5 Evocations


You had 3 spell levels left.
You didn't know any spells.
Your spell library contained the following spells:

 Spells                   Type           Power      Damage    Failure   Level
 Ignite Poison            Fire/Tmut/Pois 1%         N/A       77%         3
 Mephitic Cloud           Conj/Pois/Air  1%         N/A       77%         3
 Leda's Liquefaction      Hex/Erth       0%         N/A       99%         4
 Freezing Cloud           Conj/Ice/Air   0%         6-21      100%        5
 Lee's Rapid Deconstruct  Erth           0%         3d5*      100%        5
 Statue Form              Tmut/Erth      0%         N/A       100%        6


Dungeon Overview and Level Annotations

Branches:
Dungeon (2/15)

Altars:


Innate Abilities, Weirdness & Mutations

You have very sharp teeth.
Your uncanny sense of smell can sniff out nearby items.
Your experience applies equally to all skills.


Message History

The orc priest looks satisfied for a moment.
You closely miss the orc priest.
The orc priest is moderately wounded.
The orc priest invokes the aid of Beogh against you.
Pain shoots through your body!
You hit the orc priest.
The orc priest is heavily wounded.
The orc priest hits you with a +0 falchion.
You hit the orc priest but do no damage.
The orc priest is heavily wounded.
The orc priest hits you with a +0 falchion.
* * * LOW HITPOINT WARNING * * *
It was a potion of curing.
You feel better.
The orc priest hits you with a +0 falchion.
You aren't carrying any potions.
You hit the orc priest.
The orc priest is heavily wounded.
The orc priest hits you with a +0 falchion.
You hit the orc priest but do no damage.
The orc priest is heavily wounded.
The orc priest hits you with a +0 falchion.
* * * LOW HITPOINT WARNING * * *
You barely miss the orc priest.
The orc priest is heavily wounded.
The orc priest barely misses you.
You hit the orc priest.
The orc priest is severely wounded.
The orc priest misses you.
You closely miss the orc priest.
The orc priest is severely wounded.
The orc priest hits you with a +0 falchion.
* * * LOW HITPOINT WARNING * * *
Unknown command.
Unknown command.
You aren't carrying any potions.
You hit the orc priest but do no damage.
Your bite misses the orc priest.
The orc priest is severely wounded.
The orc priest hits you with a +0 falchion!
You die...

o##.# ..#.##
#....# #)...#
####.og.#
#oo.J$..+
#J###...# #o#
..## #@####>..
#...# #### ###.#
#####.# ###
#...#.# #<#
#.#.#.###
#.#######.#)#...#
#.......#.#.###.#
#######.#.#.....#


You could see an orc priest, 2 orcs and an endoplasm.

Vanquished Creatures
  An orc (D:2)
  2 ball pythons (D:1)
  A bat (D:1)
  4 endoplasms (D:1)
  2 giant cockroaches (D:1)
  2 goblins
  A hobgoblin (D:1)
  4 quokkas (D:1)
  A frilled lizard (D:1)
  3 rats (D:1)
21 creatures vanquished.

Notes
Turn   | Place    | Note
-------+----------+-------------------------------------------
     0 | D:1      | Groucho the Gnoll Wanderer began the quest for the Orb.
     0 | D:1      | Groucho set off with the following items: a +0 dagger, an
                  | atropa-tipped dart, a datura-tipped dart, a +0 spear, a
                  | wand of flame (6), a +0 leather armour
     0 | D:1      | Reached XP level 1. HP: 17/17 MP: 1/1
   402 | D:1      | Reached XP level 2. HP: 23/23 MP: 2/2
   796 | D:1      | Found a faded altar of an unknown god.
  1238 | D:1      | Reached XP level 3. HP: 28/28 MP: 3/3
  1584 | D:2      | Slain by an orc priest

Illustrated notes

Levels and vault maps discovered:
D:1:      lightli_arrival_maybe_door_vault, layout_basic, basic_ecumenical_altar
D:2:      layout_basic

Action                   || total
-------------------------++-------
Melee: Dagger            ||    96
       Bite              ||     8
       Punch             ||     1
  Use: Potion            ||     1
 Stab: Sleeping          ||     6
Armor: Leather armour    ||    18
Dodge: Dodged            ||    46
